[ AOE2 MATCH · #506495782 ]
UnrankedBurgundians vs Mongols
Rival team · LOSS
[ REPLAY ANALYSIS · EXTRACTED FROM THE RECORDED GAME ]
Feudal
13:36
Castle
22:24
Imperial
34:22
| APM avg | 52.2 |
| APM peak | 108 |
| eAPM avg | 24.9 |
| Villagers / military | 105 / 221 |
Focus
⚔️ 41.7% · 🌾 58.3%
Skirmisher ×61 · Knight ×45 · Hand Cannoneer ×40 · Flemish Militia ×28 · Scout Cavalry ×25 · Trebuchet (Packed) ×10
Feudal
8:27
Castle
20:45
Imperial
37:21
| APM avg | 49.2 |
| APM peak | 86 |
| eAPM avg | 26.4 |
| Villagers / military | 191 / 302 |
Focus
⚔️ 42.3% · 🌾 57.7%
Spearman ×139 · Scout Cavalry ×61 · Mangudai ×58 · Scorpion ×15 · Archer ×10 · Battering Ram ×9
Match map
Initial resources + every placement click. Lines = walls · curves = elevation contours. ◆ gold · ⬟ stone · ● berries · ✦ relic · ◌ wall gap
Your base· Open — 3t gap
Diego JB's base· Open — 7t gap
Smoothed initial terrain · ◌ = detected wall gap · hover for details
Inputs per minute
— CORP_hector_sin_elo - - Diego JB
Build order — CORP_hector_sin_elo
First 150 of 505 actions detected
| 0:00 | Create | Villager (Male) |
| 0:00 | Create | Villager (Male) |
| 0:01 | Create | Villager (Male) |
| 0:02 | Build | House |
| 0:05 | Build | House |
| 0:25 | Create | Villager (Male) |
| 0:25 | Create | Villager (Male) |
| 1:34 | Create | Villager (Male) |
| 1:34 | Create | Villager (Male) |
| 2:08 | Create | Villager (Male) |
| 2:28 | Create | Villager (Male) |
| 2:52 | Create | Villager (Male) |
| 3:08 | Create | Villager (Male) |
| 3:13 | Build | Barracks |
| 3:20 | Build | Barracks |
| 3:26 | Build | Palisade Wall |
| 3:28 | Build | Palisade Wall |
| 3:33 | Create | Villager (Male) |
| 3:57 | Build | House |
| 4:03 | Create | Villager (Male) |
| 4:08 | Research | Loom |
| 4:24 | Create | Militia |
| 4:37 | Build | House |
| 4:55 | Create | Villager (Male) |
| 5:00 | Create | Militia |
| 5:16 | Create | Villager (Male) |
| 5:19 | Build | Lumber Camp |
| 5:39 | Create | Militia |
| 5:40 | Create | Villager (Male) |
| 5:57 | Build | House |
| 6:20 | Create | Villager (Male) |
| 6:26 | Build | Palisade Wall |
| 6:26 | Build | Palisade Wall |
| 6:28 | Build | Palisade Wall |
| 6:29 | Build | Palisade Wall |
| 6:37 | Create | Villager (Male) |
| 6:47 | Create | Militia |
| 6:58 | Build | Palisade Wall |
| 6:59 | Create | Villager (Male) |
| 7:09 | Create | Militia |
| 7:28 | Create | Villager (Male) |
| 7:32 | Build | Mill |
| 7:57 | Create | Villager (Male) |
| 8:01 | Build | House |
| 8:06 | Build | Palisade Wall |
| 8:09 | Create | Villager (Male) |
| 8:33 | Build | Palisade Wall |
| 8:34 | Build | Palisade Wall |
| 8:34 | Build | Palisade Wall |
| 8:35 | Build | Palisade Wall |
| 8:36 | Build | Palisade Wall |
| 8:37 | Build | Palisade Wall |
| 8:45 | Create | Villager (Male) |
| 8:49 | Build | Farm |
| 8:56 | Build | Farm |
| 9:10 | Build | Farm |
| 9:28 | Build | Farm |
| 9:29 | Create | Villager (Male) |
| 9:31 | Build | House |
| 9:46 | Create | Villager (Male) |
| 10:03 | Build | Farm |
| 10:09 | Build | Mining Camp |
| 10:25 | Create | Villager (Male) |
| 10:38 | Build | Palisade Wall |
| 10:39 | Build | Palisade Wall |
| 10:40 | Build | Palisade Wall |
| 10:44 | Build | Palisade Gate |
| 10:45 | Build | Palisade Wall |
| 10:45 | Build | Palisade Wall |
| 10:48 | Build | Palisade Wall |
| 10:49 | Build | Palisade Wall |
| 10:53 | Build | Palisade Wall |
| 10:54 | Build | Palisade Wall |
| 10:57 | Create | Villager (Male) |
| 11:00 | Build | Palisade Wall |
| 11:01 | Build | Palisade Wall |
| 11:11 | Build | Palisade Wall |
| 11:13 | Build | Palisade Wall |
| 11:26 | Research | Feudal Age |
| 11:29 | Build | Palisade Wall |
| 11:38 | Build | House |
| 11:46 | Build | House |
| 12:10 | Build | House |
| 12:15 | Build | House |
| 12:35 | Build | Palisade Gate |
| 12:42 | Build | Farm |
| 12:51 | Research | Loom |
| 13:10 | Build | House |
| 13:36 | Age | Feudal Age |
| 13:39 | Create | Villager (Male) |
| 13:41 | Build | Archery Range |
| 13:53 | Research | Man-at-Arms (upgrade) |
| 13:54 | Create | Villager (Male) |
| 14:15 | Create | Skirmisher |
| 14:16 | Create | Skirmisher |
| 14:40 | Create | Villager (Male) |
| 14:41 | Create | Skirmisher |
| 14:54 | Build | Farm |
| 14:55 | Build | Farm |
| 15:00 | Create | Villager (Male) |
| 15:10 | Create | Skirmisher |
| 15:16 | Build | Farm |
| 15:35 | Build | Blacksmith |
| 15:57 | Create | Villager (Male) |
| 15:59 | Build | Farm |
| 16:01 | Research | Fletching |
| 16:08 | Build | Farm |
| 16:11 | Build | Farm |
| 16:12 | Create | Villager (Male) |
| 16:25 | Create | Skirmisher |
| 16:27 | Build | Farm |
| 16:28 | Create | Villager (Male) |
| 16:32 | Research | Double-Bit Axe |
| 16:43 | Create | Skirmisher |
| 16:50 | Build | Farm |
| 16:53 | Create | Skirmisher |
| 16:59 | Build | Farm |
| 17:13 | Create | Villager (Male) |
| 17:48 | Create | Villager (Male) |
| 17:51 | Build | Farm |
| 17:54 | Build | Farm |
| 17:57 | Research | Wheelbarrow |
| 18:34 | Build | Farm |
| 18:36 | Build | Farm |
| 19:19 | Build | Farm |
| 19:44 | Research | Castle Age |
| 19:44 | Research | Castle Age |
| 20:11 | Build | Stable |
| 20:20 | Research | Horse Collar |
| 20:21 | Research | Gold Mining |
| 20:34 | Create | Skirmisher |
| 20:35 | Create | Skirmisher |
| 21:04 | Research | Padded Archer Armor |
| 21:10 | Create | Skirmisher |
| 21:21 | Build | Farm |
| 21:31 | Build | Archery Range |
| 21:53 | Build | House |
| 21:58 | Create | Villager (Male) |
| 22:24 | Age | Castle Age |
| 22:25 | Research | Elite Skirmisher (upgrade) |
| 22:26 | Research | Cavalier (upgrade) |
| 22:31 | Create | Villager (Male) |
| 22:53 | Research | Bodkin Arrow |
| 23:07 | Research | Leather Archer Armor |
| 23:08 | Create | Villager (Male) |
| 23:39 | Build | Town Center |
| 23:42 | Create | Villager (Male) |
| 23:45 | Create | Knight |
| 24:00 | Create | Skirmisher |
| 24:01 | Create | Knight |
Build order — Diego JB
First 150 of 833 actions detected
| 0:00 | Create | Villager (Male) |
| 0:01 | Build | House |
| 0:02 | Build | House |
| 0:09 | Create | Villager (Male) |
| 0:10 | Create | Villager (Male) |
| 0:14 | Create | Villager (Male) |
| 1:24 | Create | Villager (Male) |
| 1:25 | Create | Villager (Male) |
| 1:53 | Build | Lumber Camp |
| 2:04 | Create | Villager (Male) |
| 2:04 | Create | Villager (Male) |
| 2:15 | Create | Villager (Male) |
| 2:15 | Create | Villager (Male) |
| 2:46 | Create | Villager (Male) |
| 2:46 | Create | Villager (Male) |
| 2:59 | Build | House |
| 3:12 | Create | Villager (Male) |
| 3:35 | Create | Villager (Male) |
| 3:39 | Create | Villager (Male) |
| 3:49 | Create | Villager (Male) |
| 3:50 | Create | Villager (Male) |
| 4:07 | Create | Villager (Male) |
| 4:22 | Build | Mill |
| 4:24 | Create | Villager (Male) |
| 4:37 | Create | Villager (Male) |
| 5:32 | Research | Loom |
| 5:53 | Build | Palisade Wall |
| 6:05 | Build | Palisade Wall |
| 6:06 | Build | Palisade Wall |
| 6:17 | Research | Feudal Age |
| 7:07 | Build | House |
| 7:19 | Build | Barracks |
| 7:47 | Build | Palisade Wall |
| 8:15 | Create | Villager (Male) |
| 8:27 | Age | Feudal Age |
| 8:28 | Create | Villager (Male) |
| 8:31 | Build | Archery Range |
| 8:35 | Research | Double-Bit Axe |
| 8:39 | Create | Villager (Male) |
| 8:47 | Build | Palisade Wall |
| 8:53 | Create | Villager (Male) |
| 9:22 | Create | Villager (Male) |
| 9:24 | Build | Mining Camp |
| 9:27 | Create | Archer |
| 9:34 | Build | House |
| 9:46 | Create | Villager (Male) |
| 10:06 | Create | Villager (Male) |
| 10:16 | Create | Skirmisher |
| 10:22 | Build | Palisade Wall |
| 10:27 | Create | Villager (Male) |
| 10:32 | Build | Lumber Camp |
| 10:35 | Build | Palisade Wall |
| 10:40 | Build | Palisade Wall |
| 10:44 | Create | Villager (Male) |
| 10:45 | Create | Archer |
| 10:54 | Build | Palisade Wall |
| 10:58 | Build | Palisade Wall |
| 11:04 | Create | Villager (Male) |
| 11:08 | Create | Villager (Male) |
| 11:18 | Build | House |
| 11:28 | Build | House |
| 11:38 | Create | Villager (Male) |
| 11:50 | Build | House |
| 11:54 | Build | Palisade Wall |
| 11:57 | Build | Palisade Wall |
| 12:01 | Create | Villager (Male) |
| 12:12 | Build | Palisade Wall |
| 12:17 | Create | Villager (Male) |
| 12:19 | Build | Palisade Wall |
| 12:20 | Create | Villager (Male) |
| 12:26 | Build | Farm |
| 12:27 | Build | Farm |
| 12:37 | Create | Villager (Male) |
| 12:40 | Create | Archer |
| 12:40 | Create | Archer |
| 12:48 | Build | Palisade Gate |
| 12:56 | Create | Villager (Male) |
| 13:12 | Build | Farm |
| 13:13 | Build | Farm |
| 13:17 | Build | Palisade Gate |
| 13:37 | Build | Palisade Wall |
| 13:41 | Build | Farm |
| 14:02 | Build | Blacksmith |
| 14:06 | Build | Farm |
| 14:22 | Build | Farm |
| 14:29 | Build | Farm |
| 14:41 | Create | Villager (Male) |
| 14:49 | Build | Farm |
| 14:51 | Research | Fletching |
| 15:01 | Create | Villager (Male) |
| 15:03 | Create | Archer |
| 15:11 | Build | Farm |
| 15:14 | Build | Farm |
| 15:28 | Create | Archer |
| 15:34 | Build | Farm |
| 15:36 | Build | Farm |
| 15:48 | Build | Farm |
| 15:49 | Create | Villager (Male) |
| 15:54 | Build | Farm |
| 16:03 | Create | Villager (Male) |
| 16:11 | Build | House |
| 16:12 | Build | House |
| 16:19 | Build | Farm |
| 16:22 | Build | Farm |
| 16:43 | Research | Wheelbarrow |
| 16:50 | Build | House |
| 17:01 | Create | Archer |
| 17:18 | Build | House |
| 17:22 | Create | Archer |
| 17:27 | Build | Farm |
| 17:30 | Build | Farm |
| 17:35 | Build | House |
| 17:48 | Build | House |
| 18:05 | Research | Castle Age |
| 18:05 | Research | Castle Age |
| 18:05 | Research | Castle Age |
| 18:14 | Create | Archer |
| 18:40 | Build | House |
| 18:43 | Create | Archer |
| 20:01 | Research | Horse Collar |
| 20:35 | Create | Villager (Male) |
| 20:45 | Age | Castle Age |
| 20:47 | Build | Town Center |
| 20:51 | Build | Town Center |
| 20:52 | Create | Villager (Male) |
| 20:52 | Create | Villager (Male) |
| 20:57 | Research | Bodkin Arrow |
| 20:58 | Research | Crossbowman (upgrade) |
| 20:59 | Research | Crossbowman (upgrade) |
| 21:07 | Create | Villager (Male) |
| 21:11 | Build | House |
| 21:19 | Research | Bow Saw |
| 21:39 | Build | House |
| 21:51 | Create | Villager (Male) |
| 21:51 | Create | Villager (Male) |
| 21:56 | Build | Palisade Wall |
| 21:59 | Build | Palisade Wall |
| 22:01 | Build | Palisade Wall |
| 22:04 | Build | Farm |
| 22:08 | Create | Villager (Male) |
| 22:08 | Create | Villager (Male) |
| 22:16 | Create | Villager (Male) |
| 22:16 | Create | Villager (Male) |
| 22:21 | Build | Farm |
| 22:23 | Build | Farm |
| 22:25 | Build | House |
| 22:34 | Create | Villager (Male) |
| 22:34 | Create | Villager (Male) |
| 22:40 | Build | Lumber Camp |
| 22:49 | Build | Farm |
Match timeline
| 3:13 | CORP_hector_sin_elo · first_building Barracks |
| 3:26 | CORP_hector_sin_elo · wall_segment Palisade Wall x1 |
| 3:28 | CORP_hector_sin_elo · wall_segment Palisade Wall x1 |
| 5:53 | Diego JB · wall_segment Palisade Wall x1 |
| 6:05 | Diego JB · wall_segment Palisade Wall x1 |
| 6:06 | Diego JB · wall_segment Palisade Wall x1 |
| 6:26 | CORP_hector_sin_elo · wall_segment Palisade Wall x1 |
| 6:26 | CORP_hector_sin_elo · wall_segment Palisade Wall x1 |
| 6:28 | CORP_hector_sin_elo · wall_segment Palisade Wall x3 |
| 6:29 | CORP_hector_sin_elo · wall_segment Palisade Wall x3 |
| 6:58 | CORP_hector_sin_elo · wall_segment Palisade Wall x1 |
| 7:19 | Diego JB · first_building Barracks |
| 7:47 | Diego JB · wall_segment Palisade Wall x1 |
| 8:06 | CORP_hector_sin_elo · wall_segment Palisade Wall x1 |
| 8:27 | Diego JB · age_up feudal |
| 8:31 | Diego JB · first_building Archery Range |
| 8:33 | CORP_hector_sin_elo · wall_segment Palisade Wall x4 |
| 8:34 | CORP_hector_sin_elo · wall_segment Palisade Wall x2 |
| 8:34 | CORP_hector_sin_elo · wall_segment Palisade Wall x2 |
| 8:35 | CORP_hector_sin_elo · wall_segment Palisade Wall x1 |
| 8:36 | CORP_hector_sin_elo · wall_segment Palisade Wall x1 |
| 8:37 | CORP_hector_sin_elo · wall_segment Palisade Wall x1 |
| 8:47 | Diego JB · wall_segment Palisade Wall x1 |
| 10:22 | Diego JB · wall_segment Palisade Wall x6 |
| 10:35 | Diego JB · wall_segment Palisade Wall x5 |
| 10:38 | CORP_hector_sin_elo · wall_segment Palisade Wall x1 |
| 10:39 | CORP_hector_sin_elo · wall_segment Palisade Wall x5 |
| 10:40 | Diego JB · wall_segment Palisade Wall x1 |
| 10:40 | CORP_hector_sin_elo · wall_segment Palisade Wall x7 |
| 10:45 | CORP_hector_sin_elo · wall_segment Palisade Wall x1 |
| 10:45 | CORP_hector_sin_elo · wall_segment Palisade Wall x1 |
| 10:48 | CORP_hector_sin_elo · wall_segment Palisade Wall x1 |
| 10:49 | CORP_hector_sin_elo · wall_segment Palisade Wall x3 |
| 10:53 | CORP_hector_sin_elo · wall_segment Palisade Wall x1 |
| 10:54 | Diego JB · wall_segment Palisade Wall x10 |
| 10:54 | CORP_hector_sin_elo · wall_segment Palisade Wall x6 |
| 10:58 | Diego JB · wall_segment Palisade Wall x7 |
| 11:00 | CORP_hector_sin_elo · wall_segment Palisade Wall x1 |
| 11:01 | CORP_hector_sin_elo · wall_segment Palisade Wall x7 |
| 11:11 | CORP_hector_sin_elo · wall_segment Palisade Wall x1 |
| 11:13 | CORP_hector_sin_elo · wall_segment Palisade Wall x9 |
| 11:29 | CORP_hector_sin_elo · wall_segment Palisade Wall x4 |
| 11:54 | Diego JB · wall_segment Palisade Wall x4 |
| 11:57 | Diego JB · wall_segment Palisade Wall x4 |
| 12:12 | Diego JB · wall_segment Palisade Wall x6 |
| 12:19 | Diego JB · wall_segment Palisade Wall x2 |
| 13:36 | CORP_hector_sin_elo · age_up feudal |
| 13:37 | Diego JB · wall_segment Palisade Wall x1 |
| 13:41 | CORP_hector_sin_elo · first_building Archery Range |
| 20:11 | CORP_hector_sin_elo · first_building Stable |
| 20:45 | Diego JB · age_up castle |
| 21:56 | Diego JB · wall_segment Palisade Wall x2 |
| 21:59 | Diego JB · wall_segment Palisade Wall x6 |
| 22:01 | Diego JB · wall_segment Palisade Wall x6 |
| 22:24 | CORP_hector_sin_elo · age_up castle |
| 23:35 | Diego JB · first_building Monastery |
| 24:33 | Diego JB · wall_segment Palisade Wall x8 |
| 25:30 | Diego JB · first_building Siege Workshop |
| 25:36 | CORP_hector_sin_elo · first_building Monastery |
| 28:50 | Diego JB · first_building Castle |
| 31:57 | CORP_hector_sin_elo · first_building Castle |
| 34:15 | Diego JB · first_market_sell 100 food |
| 34:22 | CORP_hector_sin_elo · age_up imperial |
| 34:43 | CORP_hector_sin_elo · wall_segment Palisade Wall x1 |
| 34:44 | CORP_hector_sin_elo · wall_segment Palisade Wall x1 |
| 35:00 | CORP_hector_sin_elo · wall_segment Palisade Wall x8 |
| 37:21 | Diego JB · age_up imperial |
| 40:11 | Diego JB · first_market_buy 100 stone |
| 41:33 | CORP_hector_sin_elo · first_building Siege Workshop |
| 42:53 | Diego JB · first_building Stable |
| 51:32 | CORP_hector_sin_elo · wall_segment Palisade Wall x1 |
| 56:43 | Diego JB · resign |
[ AI ANALYSIS · 1 CREDIT ]
What really happened in this match?
Wolo.gg analyzes every decision: build order, eco, micro, common mistakes by bracket. Personalized analysis on WhatsApp or Discord in 30 seconds.
Civ guide
Burgundians
Perfil
Jugador #459775